 Dungeon Crawl Stone Soup version bcrawl-1.12.1 (webtiles) character file.

Game seed: 18037404687420528608

1225 Qrupt the Cruncher (level 8, -6/50 HPs)
             Began as a Dusk Walker Gladiator on July 12, 2019.
             Mangled by an orc warrior
             ... wielding a +0 battleaxe
              (26 damage)
             ... on level 5 of the Dungeon.
             The game lasted 00:12:53 (4700 turns).

Qrupt the Cruncher (Dusk Walker Gladiator)          Turns: 4700, Time: 00:12:53

Health: -6/50      AC: 11    Str: 15      XL:     8   Next: 23%
Magic:  8/8        EV:  7    Int:  8      God:
Gold:   381        SH:  0    Dex: 15 (17) Spells: 7/7 levels left

rFire    . . .     SeeInvis .   y - +4 quarterstaff (chaos)
rCold    . . .     Gourm    .   (shield currently unavailable)
rNeg     . . .     Faith    .   o - +1 chain mail
rPois    .         Spirit   .   c - +0 helmet
rElec    .         Reflect  .   A - +0 cloak
rCorr    .         Harm     .   (no gloves)
MR       +....                  (no boots)
Stlth    ++++......             (no amulet)
HPRegen  0.16/turn              (no ring)
MPRegen  0.11/turn              (no ring)

@: no status effects
A: draining touch, unencumbered stealth, fangs 3, nightstalker 1
a: no special abilities


You were on level 5 of the Dungeon.
You were not hungry.

You visited 1 branch of the dungeon, and saw 6 of its levels.

You collected 381 gold pieces.

Inventory:

Hand Weapons
 a - a +0 quarterstaff
 y - a +4 quarterstaff of chaos (weapon)
Missiles
 d - 3 throwing nets (quivered) {!f}
Armour
 b - a +0 leather armour
 c - a +0 helmet (worn)
 o - a +1 chain mail (worn)
 A - a +0 cloak (worn)
Jewellery
 h - an uncursed amulet of inaccuracy
 C - a cursed ring of attention {unknown}
Wands
 B - a wand of flame (8)
Scrolls
 e - 4 scrolls of identify
 g - a scroll of amnesia {unknown}
 i - 6 scrolls of enchant armour
 j - 2 scrolls of remove curse
 l - 5 scrolls of teleportation
 m - a scroll of enchant weapon {unknown}
 p - 2 scrolls of fear {unknown}
 x - a scroll of fog {unknown}
Potions
 k - 2 potions of magic
 n - a potion of cancellation
 q - 3 potions of curing
 r - 3 potions of flight {unknown}
 s - a potion of heal wounds {unknown}
 t - a potion of degeneration {unknown}
 u - a potion of berserk rage {unknown}
 v - a potion of haste {unknown}
 w - a potion of brilliance {unknown}
 z - a potion of invisibility {unknown}
Comestibles
 f - 7 rations {!d}


   Skills:
 - Level 2.0 Fighting
 + Level 11.1 Staves
 - Level 1.5 Throwing
 - Level 3.0 Dodging
 * Level 8.7 Stealth


You had 7 spell levels left.
You didn't know any spells.
Your spell library contained the following spells:

 Spells                   Type           Power        Failure   Level  Hunger
 Corona                   Hex            #......      100%        1    ##.....
 Ensorcelled Hibernation  Hex/Ice        #.....       100%        2    ###....
 Confuse                  Hex            #.......     100%        3    ####...
 Dazzling Spray           Conj/Hex       #.....       100%        3    ####...
 Tukima's Dance           Hex            #.......     100%        3    ####...


Dungeon Overview and Level Annotations

Branches:
Dungeon (6/12)             Temple (0/1) D:4

Altars:
Vehumet
Wu Jian
Xom

Annotations:
D:4 exclusion: ogre


Innate Abilities, Weirdness & Mutations

Your attacks drain your enemies.
You move stealthily even while encumbered by armour.
You have razor-sharp teeth.
You are slightly more attuned to the shadows.


Message History

An orc warrior is nearby!
An orc warrior is nearby!
A quasit comes into view.
The quasit gives a chilling moan.
The orc warrior shouts!
The orc warrior drinks a potion.
The orc warrior seems to grow stronger.
The orc warrior hits you with a +0 battleaxe!!
Ouch! That really hurt!
You are too injured to fight recklessly!
You are too injured to fight recklessly!
The quasit barely misses you.
The quasit claws you but does no damage.
The quasit claws you.
You feel clumsy. The quasit bites you.
You feel clumsy. The quasit barely misses you.
The quasit claws you but does no damage.
The orc warrior hits you with a +0 battleaxe!!
Ouch! That really hurt!
You die...

.# ..#.#...######## .# ##
## #.###.#......# .#...
#######.#.#.#......#
#.#..#
#.##.##.#...#......##.....
#^#.^##<..###..........#
.)#.###.#####..........#
###...#.....'..........#
#^.^#########....o.....#
..### #######...@5....##
### #............##.# ###
#.############ .#
.†#####.# .. #P...##.# ###
####^.#.# ##.#.# #...#
#####


You could see an orc warrior and a quasit.

Vanquished Creatures
  An ice beast (D:5)
  A sky beast (D:5)
  2 phantoms
  2 ogres
  6 scorpions (D:5)
  Crazy Yiuf (D:4)
  A hound (D:4)
  An orc priest (D:3)
  2 orc wizards
  A worker ant (D:4)
  9 adders
  2 oozes (D:2)
  5 dart slugs
  6 worms
  A leopard gecko (D:2)
  7 orcs
  2 ball pythons
  12 bats
  5 giant cockroaches
  7 goblins
  11 hobgoblins
  10 jackals
  3 quokkas
  8 frilled lizards
  12 kobolds
  7 rats
125 creatures vanquished.

Notes
Turn   | Place    | Note
-------+----------+-------------------------------------------
     0 | D:1      | Qrupt the Dusk Walker Gladiator began the quest for the
                  | Orb.
     0 | D:1      | Reached XP level 1. HP: 14/14 MP: 1/1
    64 | D:1      | Reached XP level 2. HP: 19/19 MP: 2/2
    98 | D:1      | Reached skill level 5 in Staves
   360 | D:1      | Reached skill level 1 in Stealth
   421 | D:1      | Reached XP level 3. HP: 24/24 MP: 3/3
  1028 | D:2      | Reached skill level 6 in Staves
  1088 | D:2      | Gained mutation: You are slightly more attuned to the
                  | shadows. [Dusk Walker growth]
  1088 | D:2      | Reached XP level 4. HP: 14/29 MP: 4/4
  1774 | D:3      | Reached skill level 7 in Staves
  1774 | D:3      | Reached XP level 5. HP: 16/34 MP: 5/5
  2253 | D:3      | Noticed a phantom
  2298 | D:3      | Killed a phantom
  2298 | D:3      | Reached skill level 8 in Staves
  2298 | D:3      | Reached XP level 6. HP: 33/39 MP: 6/6
  2706 | D:4      | Found a runed door.
  2755 | D:4      | Found an ornate altar of the Wu Jian Council.
  2773 | D:4      | Found a staircase to the Ecumenical Temple.
  3199 | D:4      | Found a shimmering altar of Xom.
  3211 | D:4      | Reached skill level 9 in Staves
  3211 | D:4      | Reached skill level 5 in Stealth
  3571 | D:4      | Reached XP level 7. HP: 33/45 MP: 7/7
  3774 | D:4      | Noticed Crazy Yiuf
  3786 | D:4      | Killed Crazy Yiuf
  4004 | D:5      | Entered Level 5 of the Dungeon
  4264 | D:5      | Reached skill level 10 in Staves
  4452 | D:5      | Found a radiant altar of Vehumet.
  4559 | D:5      | Gained mutation: You have razor-sharp teeth. [Dusk Walker
                  | growth]
  4559 | D:5      | Reached XP level 8. HP: 50/50 MP: 8/8
  4587 | D:5      | Reached skill level 11 in Staves
  4700 | D:5      | Mangled by an orc warrior

Skill      XL: |  1  2  3  4  5  6  7  8 |
---------------+-------------------------+-----
Staves         | 5 6 7 8 9 10 11 | 11.1
Stealth        | 1 2 3 4 5 8 |  8.7
Fighting       | |  2.0
Throwing       | |  1.5
Dodging        | |  3.0

Action                   |  1- 3 |  4- 6 |  7- 9 || total
-------------------------+-------+-------+-------++-------
Melee: Quarterstaff      |   108 |   167 |    68 ||   343
       Bite              |    13 |    15 |     8 ||    36
  Use: Scroll            |       |     6 |     1 ||     7
       Potion            |       |       |     1 ||     1
 Stab: Sleeping          |     1 |     6 |     4 ||    11
       Paralysed         |       |       |     1 ||     1
  Eat: Chunk             |     1 |     7 |     4 ||    12
Armor: Leather armour    |    17 |       |       ||    17
       Chain mail        |    12 |    76 |    25 ||   113
Dodge: Dodged            |    63 |    44 |    19 ||   126
